 Dungeon Crawl Stone Soup version 0.28.0 (webtiles) character file.

Game seed: 8583668694259003018

47 unlimited1921 the Vexing (level 3, 0/35 HPs)
             Began as an Ogre Arcane Marksman on Feb 9, 2022.
             Slain by Natasha (3 damage)
             ... on level 2 of the Dungeon.
             The game lasted 00:08:55 (1718 turns).

unlimited1921 the Vexing (Ogre Arcane Marksman)     Turns: 1718, Time: 00:08:55

Health: 0/35       AC:  3    Str: 14    XL:     3   Next: 70%
Magic:  1/5        EV: 10    Int: 14    God:
Gold:   21         SH:  0    Dex: 11    Spells: 3/4 levels left

rFire   . . .      SeeInvis .   o - +2 mace (drain)
rCold   . . .      Faith    .   l - orb {*Rage}
rNeg    . . .      Spirit   .   d - +0 robe
rPois   .          Reflect  .   (helmet restricted)
rElec   .          Harm     .   (no cloak)
rCorr   .          Rampage  .   (gloves unavailable)
Will    .....      Rage     20% (boots unavailable)
Stlth   +.........              (no amulet)
HPRegen 0.11/turn               (no ring)
MPRegen 0.09/turn               (no ring)

@: slowed, very slow
A: large, unfitting armour, tough skin 1
a: no special abilities


You were on level 2 of the Dungeon.
You visited 1 branch of the dungeon, and saw 2 of its levels.

You collected 21 gold pieces.

Inventory:

Hand Weapons
 a - a +0 hand crossbow
 g - a +0 dagger
 i - a +0 dagger
 n - a +0 hand axe
 o - a +2 mace of draining (weapon)
Missiles
 b - 26 arrows
 c - 26 bolts
 j - 15 stones (quivered)
Armour
 d - a +0 robe (worn)
 l - an orb of wrath (worn)
Scrolls
 p - a scroll of vulnerability
Potions
 f - 2 potions of brilliance


   Skills:
 * Level 2.0 Fighting
 * Level 2.1 Crossbows
 * Level 2.1 Dodging
 * Level 1.3 Spellcasting
 + Level 3.1 Hexes


You had 3 spell levels left.
You knew the following spells:

 Your Spells              Type           Power      Damage    Failure   Level
a - Slow                  Hex            36%        N/A       7%          1

Your spell library contained the following spells:

 Spells                   Type           Power      Damage    Failure   Level
 Inner Flame              Hex/Fire       5%         N/A       38%         3
 Portal Projectile        Hex/Tloc       10%        N/A       38%         3
 Cause Fear               Hex            4%         N/A       56%         4


Dungeon Overview and Level Annotations

Branches:
Dungeon (2/15)

Altars:

Shops:
D:2 :

Annotations:
D:2 Natasha


Innate Abilities, Weirdness & Mutations

You are too large for most types of armour.
You have tough skin. (AC +1)


Message History

Aim: Natasha (heavily wounded, chance to affect: 47%) Natasha resists with some effort.
Natasha howls an incantation.
Natasha glows brightly for a moment.
Natasha closely misses you.
Casting: Slow (safe; 7% risk of failure)
Confirm with . or Enter, or press ? or * to list all spells.
You don't have enough magic to cast this spell.
Unknown command.
Casting: Slow (safe; 7% risk of failure)
Confirm with . or Enter, or press ? or * to list all spells.
You don't have enough magic to cast this spell.
Unknown command.
Natasha casts a spell.
Natasha claws you but does no damage.
Unknown command.
Unknown command.
Unknown command.
An adder comes into view.
The adder hisses angrily.
Natasha closely misses you.
You sock the adder!
The adder is severely wounded.
The adder misses you. The adder bites you but does no damage.
Natasha claws you but does no damage.
The crimson imp blinks!
The adder barely misses you. Natasha closely misses you.
You hit the adder.
The adder is severely wounded.
The adder barely misses you. The adder bites you but does no damage.
Natasha casts a spell at you. The magic dart hits you!
* * * LOW HITPOINT WARNING * * *
The adder bites you but does no damage. Natasha claws you but does no damage.
You sock the adder!
You kill the adder!
The crimson imp disappears in a puff of smoke!
Natasha closely misses you. Natasha barely misses you.
Your Fighting skill increases to level 2!
Natasha claws you.
You die...

##### ...## #..#
#$.#############
#......=...5.h.#
#.############@#
#.# #.# #h# #..
#(# ###. #.# #.
###.###### .#
.........# #
#..(####.# #..##


You could see Natasha and a white imp (summoned).

Vanquished Creatures
  An adder (D:2)
  A dart slug (D:2)
  4 bats (D:1)
  5 endoplasms
  4 giant cockroaches (D:1)
  2 goblins
  4 hobgoblins
  2 quokkas (D:1)
  2 ball pythons
  A frilled lizard (D:1)
  4 kobolds
  4 rats
34 creatures vanquished.

Notes
Turn   | Place    | Note
-------+----------+-------------------------------------------
     0 | D:1      | unlimited1921 the Ogre Arcane Marksman began the quest for
                  | the Orb.
     0 | D:1      | Reached XP level 1. HP: 19/19 MP: 2/2
   219 | D:1      | Reached XP level 2. HP: 27/27 MP: 3/3
   257 | D:1      | Reached skill level 3 in Hexes
   531 | D:1      | Reached XP level 3. HP: 33/33 MP: 4/4
  1514 | D:2      | Found Lyzeyskasiv's Book Shoppe.
  1525 | D:2      | Noticed Natasha
  1718 | D:2      | Slain by Natasha

Illustrated notes

Levels and vault maps discovered:
D:1:      dpeg_arrival_round_a, layout_basic, chequers_serial_rivers_marsh,
          hex_large, minmay_door_square
D:2:      layout_loops_ring, hellmonk_ecumenical_altar_lost_god, serial_shops,
          shop_fountains, minmay_cupped, uniq_natasha

Skill      XL: |  1  2  3 |
---------------+----------+-----
Dodging        | 2 |  2.1
Hexes          | 3 |  3.1
Crossbows      | 2 |  2.1
Fighting       | 2 |  2.0
Spellcasting   | |  1.3

Action                   || total
-------------------------++-------
Melee: Mace              ||    17
       Hand axe          ||     7
 Fire: Hand crossbow     ||    49
 Cast: Slow              ||     6
  Use: Potion            ||     3
       Scroll            ||     2
Armor: Robe              ||    12
Dodge: Dodged            ||    25
